[Event "*** Titled Tuesday Blitz"]
[Site "Chess.com"]
[Date "2019.01.01"]
[Round "2"]
[White "novocane"]
[Black "abubakrtagelsir"]
[Result "1-0"]
[WhiteElo "2146"]
[BlackElo "2218"]
[TimeControl "180+2"]
[EndTime "13:22:46 PST"]
[Termination "novocane won by resignation"]

1. d4 d5 2. c4 c6 3. cxd5 cxd5 4.
Bf4 Nc6 5. e3 Nf6 6. Nc3 a6 7.
Be2 Bf5 8. g4 Bg6 9. h4 h5 10.
g5 Ne4 11. Nxe4 Bxe4 12. Bf3 Qa5+ 13. Qd2 Bxf3 14. Qxa5 Nxa5 15. Nxf3 e6 16. Rc1 Nc6 17. Ne5 Bb4+ 18. Ke2 Rc8 19. g6 f6 20. Nf7 Rf8 21.
Bd6 Bxd6 22. Nxd6+ Kd7 23. Nxc8 Rxc8 24. Rc5 Rh8 25. b4 Rh6 26. b5 axb5 27. Rxb5 Kc7 28. Rhb1 Nd8 29. Rg1 Nc6 30. a4 Rh8 31. Rc1 Ra8 32.
a5 Ra7 33. Rcc5 Ra6 34. f3 Ra7 35. Kd3 Ra6 36. e4 dxe4+ 37. fxe4 Kd6 38. Rb6 Rxb6 39.
axb6 Nb4+ 40. Kc4 Nc6 41. d5 Ne5+ 42. Kb5 Nxg6 43. dxe6 Nxh4 44. Rc7 g5 45. e7 1-0

[Event "*** Titled Tuesday Blitz"]
[Site "Chess.com"]
[Date "2019.01.01"]
[Round "2"]
[White "IakovUlivar"]
[Black "chedimir"]
[Result "0-1"]
[WhiteElo "2491"]
[BlackElo "2375"]
[TimeControl "180+2"]
[EndTime "13:22:49 PST"]
[Termination "chedimir won on time"]

1. d4 Nf6 2. Nf3 e6 3. c4 c5 4. d5 exd5 5. cxd5 d6 6. Nc3 g6 7. Nd2 Bg7 8. e4 O-O 9. Be2 a6 10. a4 Nbd7 11. O-O Re8 12. Re1 Rb8 13. Bf1 Qc7 14.
Nc4 b5 15. axb5 axb5 16. Na5 b4 17. Nb5 Rxb5 18. Bxb5 Rxe4 19. Rxe4 Nxe4 20. Nc4 Bd4 21. Be3 Bxe3 22. Nxe3 Kg7 23. Nc4 Ne5 24. Qe2 f5 25. f3 Nf6 26. f4 Nf7 27. Rd1 Ne4 28. Nd2 Nf6 29. Bc4 Bb7 30. Nf3 Ne4 31. Ra1 Qb6 32. Nd2 Nf6 33. Qe6 b3 34. Ra4 Qc7 35.
Ra7 Qb6 36. Ra4 Qc7 37. h3 h6 38. Kh2 Nd8 39. Qe3 Bxd5 40. Qxb3 Bc6 41. Ra1 d5 42. Bb5 c4 43. Qa4 Bxb5 44. Qxb5 Qxf4+ 45. Kh1 Qxd2 46. Ra7+ Nf7 47. Qb7 Qe1+ 48. Kh2 Qe6 49. Kg1 d4 50. Ra6 Qe1+ 51. Kh2 Qe5+ 52. Kg1 d3 53. Ra7 Qd4+ 54. Kh1 Qd5 55. Qxd5 Nxd5 56. Rd7 Ne3 57. Kg1 Kf6 0-1

[Event "*** Titled Tuesday Blitz"]
[Site "Chess.com"]
[Date "2019.01.01"]
[Round "2"]
[White "Mikhail_Golubev"]
[Black "olksuna"]
[Result "1/2-1/2"]
[WhiteElo "2502"]
[BlackElo "2474"]
[TimeControl "180+2"]
[EndTime "13:22:50 PST"]
[Termination "Game drawn - insufficient material"]

1. e4 c5 2. Nf3 Nc6 3. Nc3 g6 4. d4 cxd4 5. Nxd4 Bg7 6. Be3 Nf6 7. Bc4 O-O 8. Bb3 Re8 9. h3 d6 10. Qd2 Bd7 11. O-O-O Rc8 12. Rhe1 Na5 13. f4 Rxc3 14. Qxc3 Nxe4 15. Qb4 Nc5 16. Kb1 Naxb3 17. Nxb3 b6 18. Bxc5 bxc5 19. Nxc5 dxc5 20. Qb7 Qa5 21. Qxd7 Rb8 22.
Re5 Bxe5 23. fxe5 e6 24. Rf1 Rf8 25. Qc6 c4 26. Qxc4 Qxe5 27. Rd1 h5 28. b3 a5 29. a4 Rb8 30. Ka2 Rb4 31. Qc8+ Kg7 32. Rd3 Re4 33. Qc3 g5 34. Qxe5+ Rxe5 35. b4 axb4 36.
Kb3 Re2 37. a5 Re1 38. Kxb4 Rb1+ 39. Rb3 Ra1 40. Kb5 f5 41. a6 g4 42. hxg4 hxg4 43. c4 Kf6 44. c5 e5 45. Kb6 Ke6 46. c6 Kd6 47. c7 Rxa6+ 48. Kxa6 Kxc7 49. Rd3 Kc6 50. Rc3+ Kd5 51. Kb5 f4 52. Rc5+ Ke4 53. Kc6 f3 54.
gxf3+ gxf3 55. Kd6 f2 56. Rxe5+ Kd3 57. Rf5 Ke2 58.
Rxf2+ Kxf2 1/2-1/2

[Event "*** Titled Tuesday Blitz"]
[Site "Chess.com"]
[Date "2019.01.01"]
[Round "2"]
[White "Grandelicious"]
[Black "PlotnikovPavel"]
[Result "1/2-1/2"]
[WhiteElo "2620"]
[BlackElo "2379"]
[TimeControl "180+2"]
[EndTime "13:22:50 PST"]
[Termination "Game drawn by agreement"]

1. e4 e6 2. d4 d5 3. Bd3 dxe4 4. Bxe4 Nf6 5. Bf3 Be7 6. Ne2 O-O 7. c4 Nbd7 8. Nbc3 c5 9. O-O cxd4 10. Nxd4 Ne5 11. Be2 a6 12. Bf4 Ng6 13. Be3 e5 14. Nb3 Be6 15.
Nc5 Qc8 16. Nxe6 Qxe6 17. Qb3 Ng4 18. Bxg4 Qxg4 19. h3 Qe6 20. Qxb7 Rab8 21. Qd5 Qxd5 22. Nxd5 Rxb2 23. Nxe7+ Nxe7 24. Bc5 Re8 25. Rab1 Rxb1 26.
Rxb1 g6 27. Rb6 Nf5 28. Rxa6 Rc8 29. Ra5 Nd4 30. Kf1 Ne6 31. Bd6 f6 32. c5 g5 33. Ke2 Kf7 34. g3 h5 35. Ke3 h4 36.
gxh4 gxh4 37. Ke4 Kg6 38. a4 Nf4 39. Rb5 Nxh3 40. Rb8 Rc6 41. Rb6 Rc8 42. Bxe5 Ng5+ 43. Kf4 Rf8 44. Bc3 h3 45. Kg3 Ne4+ 46. Kxh3 Nxc3 47.
a5 Na4 48. Rb5 Rc8 49. a6 Nxc5 50. a7 Ra8 51. Rxc5 Rxa7 52. Kg4 Ra4+ 53. f4 Rb4 54. Ra5 Rc4 55. Rb5 1/2-1/2

[Event "*** Titled Tuesday Blitz"]
[Site "Chess.com"]
[Date "2019.01.01"]
[Round "2"]
[White "aquaticpineapples"]
[Black "DanielMieles1985"]
[Result "0-1"]
[WhiteElo "2087"]
[BlackElo "2202"]
[TimeControl "180+2"]
[EndTime "13:22:52 PST"]
[Termination "DanielMieles1985 won by resignation"]

1. d4 Nf6 2. Nf3 g6 3. Nbd2 Bg7 4. e4 d6 5. Bd3 O-O 6. O-O c5 7. c3 cxd4 8. cxd4 Nc6 9. a3 e5 10. dxe5 dxe5 11. Qc2 Bd7 12. b4 Rc8 13. Qb1 Qe7 14.
Bb2 Nh5 15. Rd1 Rfd8 16. h3 Nf4 17. Bf1 Nd4 18. Nxd4 exd4 19. Nf3 Ba4 20. Rd2 d3 21. Bxg7 Kxg7 22. Bxd3 Nxd3 23. Rxd3 Qxe4 24. Rxd8 Qxb1+ 25. Rxb1 Rxd8 26. Rc1 Rd3 27. Rc7 Rxa3 28. Rxb7 Bc6 29.
Rc7 Bxf3 30. gxf3 Rxf3 31. Kg2 Ra3 32. b5 g5 33. Rb7 Kg6 34. b6 axb6 35. Rxb6+ f6 36. Rc6 h5 37. Rb6 Ra5 38. Rc6 Kf5 39. Rb6 g4 40. hxg4+ hxg4 41. Rc6 Kg5 42. Rb6 f5 43.
Rc6 Ra2 44. Rc8 Rb2 45. Ra8 Kf4 46. Ra4+ Kg5 47. Ra8 Re2 48. Rb8 Kf4 49. Rg8 Ra2 50. Rg7 Ke5 51. Rg8 Ra6 52. Rg7 Kf6 53. Rg8 Ra7 54. Rb8 f4 55. Rb5 Ra2 56. Rc5 g3 57. Kf3 Rxf2+ 58. Kg4 g2 59. Rc1 Rf1 60. Rc6+ Ke5 61.
Rc5+ Kd4 62. Rg5 g1=Q+ 0-1

[Event "*** Titled Tuesday Blitz"]
[Site "Chess.com"]
[Date "2019.01.01"]
[Round "2"]
[White "JozefKneht"]
[Black "jcibarra"]
[Result "1-0"]
[WhiteElo "2507"]
[BlackElo "2725"]
[TimeControl "180+2"]
[EndTime "13:22:57 PST"]
[Termination "JozefKneht won by checkmate"]

1. e4 e5 2. Nf3 d6 3. d4 exd4 4. Nxd4 Nf6 5. Nc3 Be7 6. Be2 O-O 7. O-O Re8 8. f4 Bf8 9. Bf3 c5 10. Nde2 Nc6 11. h3 Bd7 12. g4 b5 13. Ng3 Nd4 14.
Bg2 b4 15. Nce2 Nxe2+ 16. Qxe2 Rb8 17. Rd1 Qc7 18. g5 Bb5 19. Qf3 Nd7 20. b3 c4 21. Be3 Nc5 22. Bd4 cxb3 23. axb3 Bc6 24. Re1 Qb7 25. Qg4 g6 26. f5 a6 27. h4 Bg7 28.
Bxg7 Kxg7 29. h5 Re5 30. hxg6 fxg6 31. Rad1 Qc7 32. Rd4 Rbe8 33. Red1 Nb7 34. R1d2 Bd7 35. f6+ Kf7 36. Qh4 h5 37. gxh6 Rh8 38. h7 Qd8 39. Rxb4 Bc6 40. Qh6 Qf8 41. Qxf8+ Kxf8 42. Rc4 Rc5 43.
Rxc5 dxc5 44. e5 Bxg2 45. Kxg2 Rxh7 46. e6 Rc7 47. Ne4 Rc6 48. e7+ Ke8 49. Kg3 Re6 50.
Kf4 c4 51. bxc4 a5 52. c5 a4 53. Nd6+ Nxd6 54. cxd6 Kd7 55. Kg5 a3 56. c4 Re1 57.
Kxg6 Rg1+ 58. Kf7 Rf1 59. e8=Q# 1-0

[Event "*** Titled Tuesday Blitz"]
[Site "Chess.com"]
[Date "2019.01.01"]
[Round "2"]
[White "Anahita_Gholami"]
[Black "Bad4life"]
[Result "1-0"]
[WhiteElo "2707"]
[BlackElo "2335"]
[TimeControl "180+2"]
[EndTime "13:23:06 PST"]
[Termination "Anahita_Gholami won by resignation"]

1. d4 Nf6 2. c4 g6 3. Nc3 Bg7 4. g3 O-O 5. Bg2 d6 6. Nf3 Nbd7 7. O-O e5 8. e4 c6 9. h3 Qb6 10. dxe5 dxe5 11. b3 Rd8 12. Qc2 Ne8 13. Ba3 Nc7 14.
Rad1 Ne6 15. Na4 Qa6 16. Bb2 b5 17. cxb5 cxb5 18. Nc3 Bb7 19. Qb1 Ndc5 20. Nd5 f6 21. h4 h5 22. b4 Na4 23. Ba1 Kh7 24. Nh2 Rac8 25. Rd3 Nb6 26. Rfd1 Nc4 27. g4 Bxd5 28.
exd5 Nf4 29. gxh5 Nxh5 30. Nf1 Qd6 31. Rh3 Bh6 32. Be4 Kh8 33. Bxg6 Rg8 34. Kh1 Nf4 35. Rg3 Rg7 36. Bf5 Rcg8 37. Qe4 Nh5 38. Rxg7 Rxg7 39. Qf3 Nf4 40. Ng3 Qf8 41. d6 Nxd6 42. Bb1 Qe7 43. Nh5 Rg8 44. Nxf4 exf4 45. Qh5 Qb7+ 46. f3 Nf7 47. Bxf6+ Rg7 48. Bxg7+ Kxg7 49. Qg6+ Kf8 50. Be4 Qe7 51. Qg4 Qxb4 52. Bd5 Qa4 53. Qc8+ Ke7 54. Qe6+ Kd8 55. Bb3+ 1-0

[Event "*** Titled Tuesday Blitz"]
[Site "Chess.com"]
[Date "2019.01.01"]
[Round "2"]
[White "StoreySniper"]
[Black "idvidal"]
[Result "0-1"]
[WhiteElo "2319"]
[BlackElo "2491"]
[TimeControl "180+2"]
[EndTime "13:23:20 PST"]
[Termination "idvidal won on time"]

1. g3 d5 2. Bg2 Nf6 3. c4 e6 4. Nf3 Be7 5. b3 c5 6. cxd5 Nxd5 7. Bb2 Bf6 8. Nc3 O-O 9. O-O Nc6 10. Qb1 b6 11. Nxd5 exd5 12. d4 Ba6 13. Re1 cxd4 14. Qf5 Re8 15. Bf1 g6 16. Qf4 Re4 17. Qd2 Rc8 18. Rad1 Qe7 19. a3 Na5 20. Bxd4 Bxd4 21. Nxd4 Qxa3 22. Bh3 Rd8 23. Qg5 Qe7 24. Qd2 Bb7 25.
e3 Qf6 26. Bg2 Re7 27. Qb4 Kg7 28. Ra1 Rc7 29. Nb5 Rc2 30. Rf1 Nc6 31. Qg4 Rxf2 32. Nd4 Nxd4 33. exd4 Rxf1+ 34. Rxf1 Qe6 35. Qf4 Rd7 36.
b4 Re7 37. h4 Qe3+ 38. Qxe3 Rxe3 39. Rc1 Re7 40. Ra1 a6 41. Bf1 b5 42. Rc1 Kf6 43.
Rc5 Ke6 44. Bh3+ Kd6 45. Kf2 f5 46. Bg2 h6 47. Bf3 Rc7 48. Ke3 Rxc5 49. dxc5+ Ke5 50.
Kd3 Bc6 51. g4 Kf4 52. gxf5 gxf5 53. Bh5 Kg3 54. Bf7 f4 55. h5 f3 56. Bg6 f2 0-1

[Event "*** Titled Tuesday Blitz"]
[Site "Chess.com"]
[Date "2019.01.01"]
[Round "2"]
[White "Babas"]
[Black "gonzaga23"]
[Result "1/2-1/2"]
[WhiteElo "2256"]
[BlackElo "2423"]
[TimeControl "180+2"]
[EndTime "13:23:22 PST"]
[Termination "Game drawn by repetition"]

1. d4 Nf6 2. Bg5 d5 3. Bxf6 gxf6 4. c4 dxc4 5. e3 c5 6. Bxc4 cxd4 7. exd4 Rg8 8. Qh5 e6 9. Ne2 Rxg2 10. Nbc3 Qc7 11. Bb3 Na6 12. O-O-O Bd7 13. Qf3 Rg6 14.
Kb1 O-O-O 15. Nf4 Rh6 16. d5 Nc5 17. Ne4 Nxb3 18. axb3 exd5 19. Nxd5 Qe5 20. Rhe1 Bf5 21. Ka1 Rxd5 22. Nd6+ Qxd6 23. Re8+ Kd7 24. Rxd5 Kxe8 25. Rxd6 Bxd6 26. Qxf5 Rxh2 27. Qc8+ Ke7 28. Qxb7+ Ke6 29. Qe4+ Be5 30. f4 h5 31. fxe5 fxe5 32. Qc6+ Kf5 33. Qd7+ Kf6 34. Qd6+ Kf5 35. Qd7+ Kf6 36. Qd8+ Kf5 37.
Qc8+ Kf4 38. Qc4+ Kg5 39. Qxf7 h4 40. Qe7+ Kg4 41. Qxe5 Rg2 42. Qe4+ Kg3 43. Qe3+ Kg4 44. Qe6+ Kg3 45. Qe5+ Kg4 46. Qe6+ Kg3 47. Qg6+ Kh2 48. Qd6+ Rg3 49. Qd2+ Rg2 50. Qf4+ Kh3 51. b4 Rg4 52. Qf3+ Rg3 53. Qf2 Rg2 54. Qxa7 Kg4 55. Qg7+ Kf3 56. Qf6+ Kg3 57. Qg5+ Kh3 58. Qf5+ Kg3 59. Qd3+ Kg4 60. Qe4+ Kg3 61. Qg6+ Kh3 62. Qe6+ Kg3 63. Qe5+ Kg4 64.
Qe4+ Kg3 65. Qe3+ Kg4 66. Qe4+ Kg3 1/2-1/2

[Event "*** Titled Tuesday Blitz"]
[Site "Chess.com"]
[Date "2019.01.01"]
[Round "2"]
[White "MFguimaraes"]
[Black "Kurai"]
[Result "1-0"]
[WhiteElo "2318"]
[BlackElo "2516"]
[TimeControl "180+2"]
[EndTime "13:23:26 PST"]
[Termination "MFguimaraes won by resignation"]

1. e4 e5 2. Nf3 Nc6 3. Bc4 Bc5 4. b4 Bb6 5. b5 Nd4 6. c3 Nxf3+ 7. Qxf3 Nf6 8. Ba3 d6 9. d3 O-O 10. h3 Be6 11. Nd2 Re8 12. Bxe6 Rxe6 13. Nc4 d5 14. exd5 Qxd5 15. Qxd5 Nxd5 16. Nxb6 axb6 17. Bb2 e4 18. O-O-O Nf4 19. dxe4 Nxg2 20. Rd7 Rxe4 21. Rxc7 Nf4 22.
Kb1 Re2 23. c4 Nd3 24. Bd4 h5 25. Rg1 g6 26. Rxb7 Rexa2 27. Rb8+ Rxb8 28. Kxa2 Kf8 29. Rd1 Nf4 30. Be5 Ra8+ 31. Kb3 Ne6 32. Rd6 Nc5+ 33. Kc2 Ke8 34. Rxb6 Nd7 35. Ra6 Rc8 36. Bc3 Rxc4 37. b6 Nc5 38. Ra7 Nd7 39. b7 Rc6 40. Kd2 Kd8 41.
Ba5+ Ke8 42. h4 Rd6+ 43. Ke2 Rd5 44. Bc7 Rb5 45. Ra8+ Ke7 46. Bd8+ Ke6 47. Ra7 Kd5 48. Bc7 Kc6 49. b8=Q Nxb8 50. Bxb8 Rxb8 51. Rxf7 Kd5 52.
Rf6 Rg8 53. Kf3 Ke5 54. Ra6 Kf5 55. Kg3 Re8 56. Ra5+ Re5 57. Ra6 Rb5 58. Ra3 Rb4 59.
Rf3+ Ke5 60. Re3+ Re4 61. Ra3 Rg4+ 62. Kh3 Ke4 63. f3+ Kf4 64. fxg4 hxg4+ 65. Kh2 1-0

[Event "*** Titled Tuesday Blitz"]
[Site "Chess.com"]
[Date "2019.01.01"]
[Round "2"]
[White "NeverEverForever1990"]
[Black "M1711"]
[Result "0-1"]
[WhiteElo "2375"]
[BlackElo "2545"]
[TimeControl "180+2"]
[EndTime "13:23:31 PST"]
[Termination "M1711 won by resignation"]

1. d4 Nf6 2. c4 e6 3. Nf3 b6 4. g3 Bb7 5. Bg2 Be7 6. O-O O-O 7. Nc3 Ne4 8. Qc2 Nxc3 9. Qxc3 c5 10. Bf4 d6 11. dxc5 bxc5 12. Rad1 Qc7 13. Nd2 Bxg2 14.
Kxg2 e5 15. Be3 Nc6 16. Qd3 f5 17. f3 Nb4 18. Qb1 Rab8 19. Bg1 Nc6 20. e4 f4 21.
g4 Nd4 22. b3 a5 23. Qd3 a4 24.
Rb1 axb3 25. axb3 Rb4 26. Rb2 Rfb8 27. Ra1 Qb7 28. Ra3 Bh4 29. Qb1 Rb6 30. Qa2 Nc6 31. Qb1 Ra8 32. Rba2 Rba6 33. Qa1 Nb4 34. Rxa6 Rxa6 35.
Rxa6 Qxa6 36. Qxa6 Nxa6 37. Nb1 Be1 38. Bf2 Bb4 39. Kf1 Kf7 40. Ke2 Nb8 41. Be1 Bxe1 42.
Kxe1 Nc6 43. Nd2 Nd4 44. h4 Ke6 45. Kd1 h5 46. g5 Kd7 47. Kc1 Kc6 48. Kb2 Kb6 49.
Kc3 Ka5 50. Kb2 Kb4 51. Nb1 Nxb3 52. Nc3 Kxc4 53. Nd5 Nd4 54. Nc7 Nxf3 55. Ne6 Nxh4 56. Nxg7 Ng6 57. Nf5 h4 58. Nxd6+ Kd4 59. Kc2 h3 60. Kd2 h2 61. Nf5+ Kxe4 62. Ke2 h1=Q 63. Ng3+ fxg3 64. Kd2 Qf3 65. Ke1 Qf2+ 66. Kd1 g2 0-1

[Event "*** Titled Tuesday Blitz"]
[Site "Chess.com"]
[Date "2019.01.01"]
[Round "2"]
[White "ElHelvetico"]
[Black "VerdeNotte"]
[Result "0-1"]
[WhiteElo "2565"]
[BlackElo "2852"]
[TimeControl "180+2"]
[EndTime "13:23:35 PST"]
[Termination "VerdeNotte won by resignation"]

1. e4 d6 2. d4 Nf6 3. Nc3 g6 4. Be3 a6 5. f3 Nbd7 6. Qd2 b5 7. g4 Bb7 8. h4 b4 9. Nd1 c5 10. dxc5 dxc5 11. h5 Qc7 12. hxg6 fxg6 13. Nf2 O-O-O 14. O-O-O Bg7 15. Qe1 Ne5 16. g5 Rxd1+ 17.
Nxd1 Nh5 18. f4 Bxe4 19. Rxh5 gxh5 20. fxe5 Qxe5 21. Bxa6+ Kc7 22. Ne2 Rf8 23. Bc4 Bg6 24.
Qh4 Qe4 25. Qxe4 Bxe4 26. Nf4 Bf5 27. Nxh5 Bd4 28. Bxd4 cxd4 29. Ng3 Bg6 30. Kd2 e5 31. Bd3 Rf4 32. Bxg6 hxg6 33. c3 Rg4 34. Ne2 dxc3+ 35.
bxc3 bxc3+ 36. Ndxc3 Rxg5 37. Ke3 Rg4 38. Ne4 Kc6 39. a4 Rh4 40. Kf3 Kd5 41. N2c3+ Kd4 42. a5 Rf4+ 43. Ke2 Rf8 44. Kd2 Ra8 45. Nd6 Rxa5 46. Ne2+ Kd5 47. Nf7 Ke4 48. Ng5+ Kf5 49. Nf3 Kg4 50. Ne1 Ra3 51. Nd3 e4 52. Ne5+ Kf5 53.
Nc4 Rd3+ 54. Ke1 e3 55. Ng3+ Kf4 56. Ne2+ Ke4 57. Nb2 Rb3 58. Nd1 g5 59. Ng3+ Kf3 60. Nf5 Rd3 61. Ne7 e2 62. Nf2 Ra3 63. Nd5 Ra1+ 0-1

[Event "*** Titled Tuesday Blitz"]
[Site "Chess.com"]
[Date "2019.01.01"]
[Round "2"]
[White "xamax2000"]
[Black "WPWPWP-2015"]
[Result "1-0"]
[WhiteElo "2474"]
[BlackElo "2281"]
[TimeControl "180+2"]
[EndTime "13:23:37 PST"]
[Termination "xamax2000 won by checkmate"]

1. e4 c5 2. Nf3 d6 3. Bb5+ Nd7 4. d4 cxd4 5. Qxd4 a6 6. Bxd7+ Bxd7 7. Nc3 Nf6 8. Bg5 e6 9. O-O-O Bc6 10. e5 dxe5 11.
Qxd8+ Rxd8 12. Rxd8+ Kxd8 13. Nxe5 Be8 14. Rd1+ Kc8 15.
Bf4 Bc5 16. f3 Bb4 17. Nc4 b5 18. Nd6+ Bxd6 19. Rxd6 b4 20. Ne4 Bb5 21. Rb6 Nd7 22. Nd6+ Kc7 23. Rxb5 axb5 24. Nxf7+ e5 25. Nxh8 exf4 26.
Nf7 Kc6 27. Ng5 h6 28. Ne6 g5 29. Nd4+ Kc5 30. Nf5 h5 31. Ng7 Kd5 32. Nxh5 Ke6 33. Ng7+ Kf6 34. Ne8+ Ke5 35. Nc7 Kd4 36. Kd2 Ne5 37.
b3 Kc5 38. Ne6+ Kd5 39. Nxg5 Nc6 40. Nh3 Ke5 41. Nf2 Nd4 42. Nd3+ Kf5 43. Nxb4 Ne6 44. g4+ Kg5 45. Nd3 Nd4 46. Ne5 Kf6 47. c3 Ne6 48. Nd3 Kg5 49. Ke2 Kh4 50. Kf2 Kh3 51. Kg1 Kh4 52. Kg2 b4 53. Nxb4 Nc5 54. Nd5 Nd3 55. b4 Ne1+ 56. Kf2 Nd3+ 57. Ke2 Ne5 58. Nxf4 Kg5 59.
Nd3 Nc4 60. b5 Kh4 61. a4 Kh3 62. g5 Kg2 63. g6 Kh3 64. g7 Nd6 65. g8=Q Nf5 66.
Nf4+ Kxh2 67. Qg2# 1-0

[Event "*** Titled Tuesday Blitz"]
[Site "Chess.com"]
[Date "2019.01.01"]
[Round "2"]
[White "Vamostodorecto"]
[Black "RichardLeyvaP"]
[Result "0-1"]
[WhiteElo "2380"]
[BlackElo "2526"]
[TimeControl "180+2"]
[EndTime "13:23:38 PST"]
[Termination "RichardLeyvaP won on time"]

1. d4 Nf6 2. c4 g6 3. Nc3 Bg7 4. e4 d6 5. Be2 O-O 6. Nf3 e5 7. O-O Nc6 8. d5 Ne7 9. Ne1 Nd7 10. Be3 f5 11. f3 f4 12. Bf2 g5 13. Rc1 Rf6 14. c5 Nxc5 15. b4 Na6 16. Nb5 Ng6 17. Rc4 Rf7 18. Qc2 Bd7 19. a4 Bf6 20. Nd3 Qb8 21.
Rc1 Bd8 22. Na3 c6 23. b5 cxb5 24. axb5 Nc5 25. Nxc5 dxc5 26. Bxc5 Bb6 27. Kh1 Qd8 28. Bxb6 axb6 29. Ra4 Rc8 30. Bc4 Kg7 31. Qb2 g4 32. Rd1 gxf3 33. gxf3 Qh4 34. Rg1 Kh6 35. d6 Rg7 36.
Bd5 Qh3 37. Qf2 Nh4 38. Rxg7 Kxg7 39. Nc4 Bxb5 40. Rb4 Bxc4 41. d7 Ra8 42. Qg1+ Kh6 43. Rxb6+ Kh5 44. Qg4+ Qxg4 45. fxg4+ Kg5 46. Kg1 Bxd5 47.
exd5 Rd8 48. Rxb7 e4 49. Kf2 Kxg4 50. Ke2 Kf5 51. Rb6 Ke5 52. Rh6 Nf5 53. Rxh7 Kxd5 54.
Rh5 Ke6 55. Rh4 f3+ 56. Kf2 Ke5 57. Rh7 Kf4 58. Rf7 e3+ 59. Ke1 Ra8 0-1

[Event "*** Titled Tuesday Blitz"]
[Site "Chess.com"]
[Date "2019.01.01"]
[Round "2"]
[White "champ2005"]
[Black "platy3"]
[Result "0-1"]
[WhiteElo "2622"]
[BlackElo "2820"]
[TimeControl "180+2"]
[EndTime "13:23:39 PST"]
[Termination "platy3 won by checkmate"]

1. e4 c5 2. Nf3 d6 3. d4 cxd4 4. Nxd4 Nf6 5. Nc3 Nc6 6. Bg5 e6 7. Qd2 a6 8. O-O-O Bd7 9. f4 b5 10. Nxc6 Bxc6 11. e5 dxe5 12. Qe1 Qc7 13. fxe5 Nd7 14.
Bf4 Rc8 15. Bd3 Nc5 16. a3 b4 17. axb4 Nxd3+ 18. Rxd3 Bxb4 19. Qg3 O-O 20. Bh6 g6 21. Qf4 Be7 22. Bxf8 Bxf8 23. Re1 Qa5 24. Rf1 Rc7 25.
Rd8 Rb7 26. Qd4 Qa1+ 27. Nb1 Kg7 28. Rxf8 Kxf8 29. Qc3 Bd5 30. b3 Qxc3 31. Nxc3 Bxg2 32. Rd1 h5 33. Rd6 g5 34. Rxa6 Bf3 35. Kd2 Rb4 36.
Ra4 Rb8 37. Ne4 g4 38. Nf6 Rb5 39. Nxh5 Rxe5 40. Ng3 f5 41. Rd4 Kf7 42. c4 Kf6 43. b4 Kg5 44. b5 f4 45. Nf1 Re2+ 46. Kc3 Rf2 47. Nd2 Bh1 48. Ne4+ Bxe4 49. Rxe4 Rxh2 50.
b6 g3 51. b7 Rh8 52. c5 g2 53. Re1 f3 54. Rg1 Kf6 55. c6 f2 56. c7 fxg1=Q 57. b8=Q Qc5+ 58. Kd3 Rh3+ 59. Ke2 Qc2+ 60. Ke1 g1=Q# 0-1

[Event "*** Titled Tuesday Blitz"]
[Site "Chess.com"]
[Date "2019.01.01"]
[Round "2"]
[White "StephenDedalus83"]
[Black "Winehouse83"]
[Result "1-0"]
[WhiteElo "2722"]
[BlackElo "2404"]
[TimeControl "180+2"]
[EndTime "13:23:44 PST"]
[Termination "StephenDedalus83 won by resignation"]

1. e4 e5 2. Nf3 Nc6 3. Bb5 a6 4. Ba4 Nf6 5. O-O b5 6. Bb3 Bc5 7. c3 d6 8. d3 h6 9. Nbd2 O-O 10.
Re1 Ng4 11. Re2 Be6 12. h3 Nf6 13. Nf1 Nh5 14. d4 Bxb3 15. axb3 Bb6 16. g4 Nf4 17.
Bxf4 exf4 18. Qd3 d5 19. e5 Qd7 20. Qf5 Qxf5 21. gxf5 g5 22. f6 Nd8 23. b4 a5 24.
bxa5 Rxa5 25. Rxa5 Bxa5 26. b4 Bb6 27. Ra2 Ne6 28.
N1d2 Kh7 29. Nb3 Kg6 30. Ne1 Kf5 31. f3 h5 32. Kf2 g4 33. hxg4+ hxg4 34. fxg4+ Kxg4 35.
Nf3 Rh8 36. Ra1 Rh3 37. Nbd2 Kf5 38. Rg1 Rh8 39. Ke2 Ba7 40. Rg2 Bb6 41. Nb1 Rh1 42.
Nbd2 Rh8 43. Kd3 Ba7 44. Rg1 Bb6 45. Ke2 Ba7 46. Nb1 Bb6 47. Na3 c6 48. Nb1 Ba7 49.
Nbd2 Bb6 50. Kf2 Ba7 51. Ra1 Bb6 52. Ra6 Rb8 53. Kg2 Nc7 54. Ra1 Ra8 55. Rh1 Ne6 56.
Rh7 Rf8 57. Kh3 Nd8 58. Nh4+ Ke6 59. Kg4 Rg8+ 60. Kxf4 Rg1 61. Ndf3 Rc1 62. Ng5+ Kd7 63. Nxf7 Ne6+ 64. Kg4 Rg1+ 65. Kf3 Ke8 66. Nd6+ Kd8 67. Rh8+ Kd7 68. f7 Rf1+ 69. Ke2 Rh1 70. Rh6 Nf8 71. Ng6 Rxh6 72. Nxf8+ Ke7 73. Nd7 Rh8 74. Nxb6 Ke6 75. Nbc8 Kd7 76. Na7 Kc7 77. Kf3 Kb6 78. e6 Kxa7 79.
e7 Kb6 80. f8=Q 1-0

[Event "*** Titled Tuesday Blitz"]
[Site "Chess.com"]
[Date "2019.01.01"]
[Round "2"]
[White "cherryandmint"]
[Black "mishanick"]
[Result "1-0"]
[WhiteElo "2617"]
[BlackElo "2989"]
[TimeControl "180+2"]
[EndTime "13:23:45 PST"]
[Termination "cherryandmint won by resignation"]

1. e4 c5 2. Nf3 d6 3. d4 cxd4 4. Nxd4 Nf6 5. Nc3 a6 6. g3 e5 7.
Nde2 Be7 8. Bg2 O-O 9. O-O b5 10.
Nd5 Nxd5 11. Qxd5 Ra7 12. Be3 Be6 13. Qd2 Rd7 14. Nc3 Nc6 15. Nd5 Bxd5 16. Qxd5 Nd4 17. Bxd4 exd4 18. Qxd4 Bf6 19. Qb4 Qb6 20. a4 Rc8 21. c3 g6 22. axb5 axb5 23. Ra5 Rc5 24. Rfa1 Kg7 25. Ra8 Rc4 26. Qb3 Qc5 27. Rb8 b4 28.
Ra4 Ra7 29. Rxa7 Qxa7 30. Rxb4 Rc7 31. Ra4 Qc5 32. Qb4 Qe5 33. Ra5 Qe6 34. Ra6 Rd7 35.
Qb5 Qg4 36. h3 Qd1+ 37. Kh2 Re7 38. Qd5 Qxd5 39. exd5 Re2 40. Rxd6 Rxb2 41. Rc6 Rxf2 42. d6 Rd2 43. c4 Be5 44. c5 Rd3 45. Rc7 Bxg3+ 46.
Kg1 h5 47. Bf1 Rd4 48. Re7 Bh4 49. Rc7 Rd1 50. Kg2 Rd2+ 51. Kg1 Rd1 52. Kg2 Rd4 53. Bb5 Kf8 54. Rc8+ Kg7 55. Rc7 Kf8 56. Rc8+ Kg7 57. d7 Rb4 58. c6 Rb2+ 59. Kf3 Rb3+ 60. Ke2 Rb2+ 61. Ke3 Bg5+ 62. Kd4 Rd2+ 63. Kc4 Bf4 64. c7 Rc2+ 65. Kb3 Rxc7 66. d8=Q Rxc8 67. Qxc8 1-0

[Event "*** Titled Tuesday Blitz"]
[Site "Chess.com"]
[Date "2019.01.01"]
[Round "2"]
[White "gmcorrales"]
[Black "johnathan113"]
[Result "0-1"]
[WhiteElo "2758"]
[BlackElo "2563"]
[TimeControl "180+2"]
[EndTime "13:23:45 PST"]
[Termination "johnathan113 won by resignation"]

1. e4 c5 2. f3 g6 3. d4 cxd4 4.
Qxd4 Nf6 5. c4 Nc6 6. Qe3 Bg7 7. Nc3 O-O 8. Bd3 e6 9. e5 Ne8 10. f4 d6 11. Nf3 dxe5 12. fxe5 Nxe5 13. Nxe5 Bxe5 14.
Qxe5 Qxd3 15. Bh6 f6 16. Qc5 Rf7 17. Rd1 Qf5 18. Qxf5 exf5 19. Rd8 Re7+ 20. Kf2 Kf7 21. Rhd1 b6 22. Nd5 Rd7 23. Rxe8 Kxe8 24. Nxf6+ Kd8 25. Nxd7 Bxd7 26. Bg5+ Kc7 27. Bf4+ Kd8 28. b3 Rc8 29.
Kg3 Rc6 30. Bd6 g5 31. h4 h6 32. h5 f4+ 33. Kf3 Ke8 34. Ke4 Bg4 35. Rd2 Bxh5 36. Kd5 Kd7 37. Ke5 Ke8 38. a4 f3 39. gxf3 Bxf3 40.
a5 g4 41. Kf4 Kf7 42. a6 h5 43. Be5 Ke6 44. Bb8 b5 45. cxb5 Rb6 46. Bxa7 Rxb5 47.
Be3 Rb4+ 48. Kg5 Rxb3 49. Bc5 g3 50. Rd6+ Kf7 51. Rd7+ Ke6 52. Rd6+ Ke5 53. Rf6 g2 54. Rxf3 Rxf3 55. a7 Rg3+ 56. Kh4 Rg8 57. Kxh5 Kf4 58. Kh6 Ra8 59. Kg6 Kf3 60. Kf6 Ke2 61. Ke6 Kf1 62.
Kd6 g1=Q 63. Bxg1 Kxg1 64. Kc6 Rxa7 65. Kb5 Rg7 0-1

[Event "*** Titled Tuesday Blitz"]
[Site "Chess.com"]
[Date "2019.01.01"]
[Round "2"]
[White "Arman_Hakemi"]
[Black "RajdeepS"]
[Result "0-1"]
[WhiteElo "2468"]
[BlackElo "2509"]
[TimeControl "180+2"]
[EndTime "13:23:45 PST"]
[Termination "RajdeepS won on time"]

1. e4 e5 2. Nf3 Nc6 3. Bc4 Bc5 4. c3 Nf6 5. d3 O-O 6. O-O a6 7. Bb3 Ba7 8. h3 h6 9. Re1 d6 10. Nbd2 Re8 11. Nf1 Be6 12. Ng3 d5 13. exd5 Bxd5 14. Nh4 Bxb3 15. axb3 Qd7 16. Nhf5 Rad8 17. Bxh6 gxh6 18.
Nxh6+ Kh7 19. Qf3 Re6 20. Ng4 Nxg4 21. Qxg4 Rg6 22. Qh4+ Kg8 23. Ne4 Qe7 24. Qh5 Rxd3 25. Rad1 Rxd1 26. Rxd1 Kg7 27. Rd3 Qe6 28. Rf3 f6 29.
Ng3 Ne7 30. Qh4 Bc5 31. Nh5+ Kf7 32. g4 e4 33. Rf4 e3 34. Nxf6 exf2+ 35. Kg2 Rxf6 36.
Qh7+ Ke8 37. Qh8+ Ng8 38. Rxf6 Qxf6 39. Qxg8+ Bf8 40. Qc4 f1=Q+ 41. Qxf1 Qxf1+ 42. Kxf1 Bh6 43. Ke2 Bc1 44. Kd3 Bxb2 45. b4 Bc1 46. c4 Kf7 47. b5 a5 48. h4 Kf6 49. c5 b6 50. Kc4 Be3 51. c6 Bf2 52. h5 Kg5 53. Kb3 Be3 54. Ka4 Kxg4 55. h6 Bxh6 56. Kb3 Kf5 57. Kc4 Ke4 58.
Kc3 Kd5 59. Kb3 Kc5 60. Ka4 Kc4 61. Ka3 Kxb5 62. Kb3 a4+ 63. Ka2 Kb4 64. Ka1 Kb3 65.
Kb1 a3 0-1